 Dungeon Crawl Stone Soup version 0.29.1-12-g30fa7ad0bf (webtiles) character file.

Game seed: 5046965268856073342

80 raph the Firebug (level 4, 0/24 HPs)
             Began as a Deep Elf Fire Elementalist on Dec 14, 2022.
             Succumbed to an adder's poison
             ... on level 3 of the Dungeon.
             The game lasted 00:02:27 (2308 turns).

raph the Firebug (Deep Elf Fire Elementalist)       Turns: 2308, Time: 00:02:28

Health: 0/24       AC:  2    Str:  5    XL:     4   Next: 18%
Magic:  5/11       EV: 12    Int: 22    God:
Gold:   77         SH:  0    Dex: 15    Spells: 0/9 levels left

rFire   . . .      SeeInvis .   g - +0 dagger
rCold   . . .      Faith    .   (no shield)
rNeg    . . .      Spirit   .   a - +0 robe
rPois   .          Reflect  .   (no helmet)
rElec   .          Harm     .   (no cloak)
rCorr   .          Rampage  .   (no gloves)
Will    .....                   (no boots)
Stlth   ++........              (no amulet)
HPRegen 0.08/turn               (no ring)
MPRegen 0.12/turn               (no ring)

@: lethally poisoned (0 -> -6), attractive
A: no striking features
a: no special abilities


You were on level 3 of the Dungeon.
You visited 1 branch of the dungeon, and saw 3 of its levels.

You collected 77 gold pieces.

Inventory:

Hand Weapons
 g - a +0 dagger (weapon)
Armour
 a - a +0 robe (worn)
Scrolls
 c - a scroll of poison {unknown}
 e - a scroll of magic mapping {unknown}
 f - a scroll of brand weapon {unknown}
 i - a scroll of teleportation {unknown}
 m - 3 scrolls of identify {unknown}
 n - a scroll of amnesia {unknown}
Potions
 b - 3 potions of magic
 h - a potion of attraction
 j - a potion of heal wounds {unknown}
 k - 2 potions of degeneration {unknown}
 l - a potion of mutation {unknown}
 o - a potion of flight {unknown}


   Skills:
 - Level 2.4 Dodging
 - Level 2.4 Stealth
 + Level 3.4 Spellcasting
 + Level 1.7 Conjurations
 * Level 5.1 Fire Magic


You couldn't memorise any spells.
You knew the following spells:

 Your Spells              Type           Power      Damage    Failure   Level
a - Foxfire               Conj/Fire      72%        2x1d7     3%          1
b - Scorch                Fire           52%        2d8       2%          2
c - Conjure Flame         Conj/Fire      18%        6-21      9%          3
d - Inner Flame           Hex/Fire       15%        N/A       12%         3

Your spell library contained the following spells:

 Spells                   Type           Power      Damage    Failure   Level
 Flame Wave               Conj/Fire      18%        2d7       28%         4


Dungeon Overview and Level Annotations

Branches:
Dungeon (3/15)

Altars:


Message History

The jackal bites you but does no damage.
The jackal bites you.
You hit the jackal but do no damage.
The jackal is heavily wounded.
You feel sick.
The foxfire hits the jackal.
The jackal is almost dead.
The foxfire hits the jackal but does no damage.
The jackal is almost dead.
The adder bites you but does no damage. The jackal closely misses you.
The jackal barely misses you. The adder bites you.
* * * LOW HITPOINT WARNING * * *
You are lethally poisoned!
The adder poisons you!
Casting: Foxfire (safe; 3% risk of failure)
Confirm with . or Enter, or press ? or * to list all spells.
You conjure some foxfire!
* * * LOW HITPOINT WARNING * * *
You feel sick. The jackal closely misses you. The jackal misses you.
The adder barely misses you. The jackal closely misses you.
The jackal bites you.
* * * LOW HITPOINT WARNING * * *
It was a potion of curing.
You feel better.
The foxfire hits the jackal.
You kill the jackal!
The foxfire hits the adder.
The adder is almost dead.
The adder bites you.
* * * LOW HITPOINT WARNING * * *
You are poisoned.
The adder poisons you! The jackal misses you.
Casting: Foxfire (safe; 3% risk of failure)
Confirm with . or Enter, or press ? or * to list all spells.
You conjure some foxfire!
You feel sick. The adder closely misses you.
The jackal bites you but does no damage.
The adder bites you.
* * * LOW HITPOINT WARNING * * *
You are more poisoned.
The adder poisons you! The jackal completely misses you.
It was a potion of attraction.
You feel attractive to monsters.
You die...

##+#######
#........#
+........#
#.....†..#
#....Svv.#
#?...h@†.#
##########


You could see an adder (ally target) and a jackal.

Vanquished Creatures
  3 adders (D:2)
  A worm (D:2)
  A dart slug (D:1)
  An endoplasm (D:1)
  3 giant cockroaches
  10 goblins
  5 hobgoblins
  2 jackals (D:3)
  3 kobolds (D:1)
  4 quokkas
  A ball python (D:1)
  5 bats
  2 frilled lizards (D:2)
  3 rats
44 creatures vanquished.

Vanquished Creatures (collateral kills)
  A foxfire (D:1)
1 creature vanquished.

Vanquished Creatures (others)
  108 foxfires
  3 plants (D:1)
111 creatures vanquished.

Grand Total: 156 creatures vanquished

Notes
Turn   | Place    | Note
-------+----------+-------------------------------------------
     0 | D:1      | raph the Deep Elf Fire Elementalist began the quest for the
                  | Orb.
     0 | D:1      | Reached XP level 1. HP: 10/10 MP: 6/6
   336 | D:1      | Reached skill level 4 in Fire Magic
   336 | D:1      | Reached XP level 2. HP: 15/15 MP: 5/8
   659 | D:1      | Learned a level 2 spell: Scorch
   807 | D:1      | Found a faded altar of an unknown god.
  1409 | D:2      | Reached XP level 3. HP: 19/19 MP: 6/9
  1413 | D:2      | Learned a level 3 spell: Conjure Flame
  1791 | D:2      | Reached skill level 5 in Fire Magic
  2001 | D:2      | Reached XP level 4. HP: 24/24 MP: 4/11
  2072 | D:2      | Learned a level 3 spell: Inner Flame
  2308 | D:3      | Succumbed to an adder's poison

Illustrated notes

Levels and vault maps discovered:
D:1:      lightli_iron_boxes, layout_basic, chequers_ecumenical_altar_grove,
          serial_bayou_ford_a
D:2:      layout_loops_ring
D:3:      layout_basic, grunt_temple_overflow_forces_of_nature, uniq_ijyb

Skill      XL: |  1  2  3 |
---------------+----------+-----
Fire Magic     | 4 5 |  5.1
Dodging        | |  2.4
Stealth        | |  2.4
Spellcasting   | |  3.4
Conjurations   | |  1.7

Action                   |  1- 3 |  4- 6 || total
-------------------------+-------+-------++-------
Melee: Dagger            |     9 |     3 ||    12
 Cast: Foxfire           |    63 |     7 ||    70
       Scorch            |    10 |       ||    10
  Use: Potion            |       |     2 ||     2
 Stab: Sleeping          |       |     1 ||     1
Armor: Robe              |     3 |     6 ||     9
Dodge: Dodged            |    12 |    18 ||    30
